 Dungeon Crawl Stone Soup version 0.27-a0-1597-ge58577e147 (webtiles) character file.

Game seed: 7619349102229203639

1300 veyX the Chopper (level 8, -12/68 HPs)
             Began as a Hill Orc Fighter on July 21, 2021.
             Mangled by an ogre (20 damage)
             ... on level 6 of the Dungeon.
             The game lasted 00:11:51 (5011 turns).

veyX the Chopper (Hill Orc Fighter)                 Turns: 5011, Time: 00:11:52

Health: -12/68     AC: 13    Str: 21    XL:     8   Next: 57%
Magic:  8/8        EV:  4    Int:  8    God:
Gold:   256        SH: 10    Dex: 10    Spells: 7/7 levels left

rFire    . . .     SeeInvis .   a - +0 war axe
rCold    . . .     Faith    .   c - +0 kite shield
rNeg     . . .     Spirit   .   p - +0 plate armour
rPois    .         Reflect  .   (no helmet)
rElec    .         Harm     .   (no cloak)
rCorr    .         Rampage  .   (no gloves)
Will     .....                  (no boots)
Stlth    ..........             (no amulet)
HPRegen  0.21/turn              e - +4 ring of slaying
MPRegen  0.11/turn              (no ring)

@: no status effects
A: no striking features
a: no special abilities


You were on level 6 of the Dungeon.
You visited 1 branch of the dungeon, and saw 6 of its levels.

You collected 256 gold pieces.

Inventory:

Hand Weapons
 a - a +0 war axe (weapon)
Missiles
 g - 170 stones
 i - 11 boomerangs (quivered)
Armour
 b - a +0 scale mail
 c - a +0 kite shield (worn)
 p - a +0 plate armour (worn)
 q - a +0 chain mail
Jewellery
 e - a +4 ring of slaying (left hand)
Scrolls
 h - a scroll of enchant armour {unknown}
 j - a scroll of vulnerability {unknown}
 l - 4 scrolls of amnesia {unknown}
 m - a scroll of noise {unknown}
 n - 2 scrolls of identify {unknown}
 r - a scroll of teleportation {unknown}
 s - a scroll of magic mapping {unknown}
Potions
 d - 2 potions of might
 f - 2 potions of haste {unknown}
 k - a potion of heal wounds {unknown}
 o - a potion of curing {unknown}


   Skills:
 + Level 5.1 Fighting
 + Level 7.5 Axes
 + Level 3.3 Throwing
 * Level 7.0 Armour
 + Level 0.9 Dodging
 + Level 0.1 Stealth
 + Level 5.1 Shields


You had 7 spell levels left.
You didn't know any spells.
Your spell library contained the following spells:

 Spells                   Type           Power      Damage    Failure   Level
 Magic Dart               Conj           0%         1d3       100%        1
 Call Imp                 Summ           0%         N/A       100%        2
 Passwall                 Tmut/Erth      0%         N/A       100%        2
 Mephitic Cloud           Conj/Pois/Air  0%         N/A       100%        3
 Ozocubu's Armour         Ice            0%         N/A       100%        3
 Swiftness                Air            0%         N/A       100%        3
 Invisibility             Hex            0%         N/A       100%        6
 Ozocubu's Refrigeration  Ice            0%         4d5       100%        7


Dungeon Overview and Level Annotations

Branches:
Dungeon (6/15)
 Temple: D:4-7

Altars:

Shops:
D:1 =   D:6 =


Message History

You hit the killer bee zombie.
The killer bee zombie is moderately damaged.
The killer bee zombie hits you.
The killer bee zombie hits you but does no damage.
You slash the killer bee zombie!
The killer bee zombie is heavily damaged.
You block the killer bee zombie's attack. x2
You barely miss the killer bee zombie.
The killer bee zombie is heavily damaged.
The killer bee zombie hits you but does no damage.
The killer bee zombie hits you.
The killer bee zombie hits you but does no damage.
You barely miss the killer bee zombie.
The killer bee zombie is heavily damaged.
You block the killer bee zombie's attack.
The killer bee zombie hits you but does no damage.
You closely miss the killer bee zombie.
The killer bee zombie is heavily damaged.
The killer bee zombie hits you but does no damage.
You block the killer bee zombie's attack.
You closely miss the killer bee zombie.
The killer bee zombie is heavily damaged.
You block the killer bee zombie's attack. x2
The killer bee zombie hits you but does no damage.
You slice the killer bee zombie!!
You destroy the killer bee zombie!
You start resting.
An ogre comes into view. It is wielding a +0 giant spiked club.
The ogre shouts!
You slash the ogre!
The ogre is heavily wounded.
The ogre hits you with a +0 giant spiked club!
You hit the ogre.
The ogre is severely wounded.
The ogre hits you with a +0 giant spiked club!
* * * LOW HITPOINT WARNING * * *
You completely miss the ogre.
The ogre is severely wounded.
The ogre hits you with a +0 giant spiked club!!
You die...

#...#.#.#
#..#..#.##
#..###..#.#
#..# ##..##
#..# ##..#
#.# ##.# #.
##..# #
#.O##
#..#@#
....#)##
#...#.#
######


You could see an ogre.

Vanquished Creatures
  3 water moccasins
  A black bear (D:5)
  A sky beast (D:5)
  An ogre (D:5)
  A water moccasin zombie (D:5)
  2 howler monkeys
  A bullfrog zombie (D:6)
  2 orc priests (D:5)
  A bullfrog skeleton (D:5)
  5 iguanas
  6 orc wizards
  A killer bee zombie (D:6)
  4 adders
  2 worms
  A dart slug (D:4)
  20 orcs
  5 bats
  5 endoplasms
  4 giant cockroaches
  9 goblins
  6 hobgoblins
  10 jackals
  4 quokkas
  5 ball pythons
  2 frilled lizards
  3 kobolds
  6 rats
111 creatures vanquished.

Vanquished Creatures (others)
  An orc wizard (D:5)
1 creature vanquished.

Grand Total: 112 creatures vanquished

Notes
Turn   | Place    | Note
-------+----------+-------------------------------------------
     0 | D:1      | veyX the Hill Orc Fighter began the quest for the Orb.
     0 | D:1      | Reached XP level 1. HP: 19/19 MP: 1/1
   193 | D:1      | Found a faded altar of an unknown god.
   235 | D:1      | Found Ukaulow's Jewellery Emporium.
   337 | D:1      | Reached XP level 2. HP: 27/27 MP: 2/2
  1151 | D:2      | Reached XP level 3. HP: 33/33 MP: 3/3
  1416 | D:2      | Reached XP level 4. HP: 40/40 MP: 4/4
  2214 | D:3      | You fall into a shaft and drop 1 floor!
  2320 | D:4      | Reached skill level 1 in Throwing
  2320 | D:4      | Reached XP level 5. HP: 37/46 MP: 5/5
  2416 | D:4      | Noticed a water moccasin
  2425 | D:4      | Killed a water moccasin
  2426 | D:4      | Reached XP level 6. HP: 22/52 MP: 6/6
  2829 | D:4      | Reached skill level 5 in Armour
  3364 | D:5      | Entered Level 5 of the Dungeon
  3373 | D:5      | Reached skill level 5 in Axes
  3373 | D:5      | Reached XP level 7. HP: 6/60 MP: 7/7
  4072 | D:5      | Reached XP level 8. HP: 62/67 MP: 8/8
  4666 | D:6      | Reached skill level 5 in Fighting
  4666 | D:6      | Reached skill level 5 in Shields
  4763 | D:6      | Found Retalemm's Jewellery Boutique.
  5011 | D:6      | Mangled by an ogre

Illustrated notes

Levels and vault maps discovered:
D:1:      dpeg_arrival_circle_labyrinth_c, layout_basic, serial_shops, shop,
          basic_ecumenical_altar
D:2:      wad_crossroads, layout_rooms, kennysheep_generic_room_13
D:3:      layout_basic
D:4:      layout_cave_pods, kennysheep_generic_room_16
D:5:      layout_rooms
D:6:      minmay_diamond_boxcup, layout_basic, kennysheep_little_box,
          serial_shops, nicolae_shop_waterfront

Skill      XL: |  1  2  3  4  5  6  7  8 |
---------------+-------------------------+-----
Fighting       | 4 5 |  5.1
Axes           | 3 4 5 6 7 |  7.5
Armour         | 4 5 6 7 |  7.0
Shields        | 4 5 |  5.1
Throwing       | 1 2 3 |  3.3
Dodging        | |  0.9
Stealth        | |  0.1

Action                   |  1- 3 |  4- 6 |  7- 9 || total
-------------------------+-------+-------+-------++-------
Melee: War axe           |    52 |    73 |   152 ||   277
Throw: Stone             |     5 |       |       ||     5
       Boomerang         |    20 |    50 |    11 ||    81
Armor: Scale mail        |    24 |    30 |     1 ||    55
       Plate armour      |       |       |   114 ||   114
Dodge: Dodged            |    17 |    12 |    14 ||    43
Block: Kite shield       |    23 |    37 |    74 ||   134

Table legend: (Time is in decaauts)
 A = Elapsed time spent in this place.
 B = Non-inter-level travel time spent in this place.
 C = Inter-level travel time spent in this place.
 D = Time resting spent in this place.
 E = Time spent auto-exploring this place.
 F = Levels seen in this place.
 G = Mean time per level.
                   A        B        C        D        E       F      G
               +--------+--------+--------+--------+--------+-----+--------+
         Total |   5180 |   5027 |    153 |   1106 |   3059 |   6 |  863.3 |
       Dungeon |   5180 |   5027 |    153 |   1106 |   3059 |   6 |  863.3 |
               +--------+--------+--------+--------+--------+-----+--------+

Top non-repeatable levels by time:
     D:5: 1250 daAuts
     D:4: 1182 daAuts
     D:1: 1165 daAuts
     D:2: 642 daAuts
     D:3: 474 daAuts
     D:6: 464 daAuts
